 Dungeon Crawl Stone Soup version 0.18-a0-1788-g92de1ac (webtiles) character file.

239 Mefis the Magician (level 6, -2/43 HPs)
             Began as a Human Wizard on Apr 19, 2016.
             Killed from afar by a steam dragon (13 damage)
             ... with a ball of steam
             ... on level 4 of the Dungeon.
             The game lasted 00:44:22 (4624 turns).

Mefis the Magician (Human Wizard)                   Turns: 4624, Time: 00:44:22

Health: -2/43      AC:  8    Str: 12    XL:     6   Next: 29%
Magic:  3/13       EV: 13    Int: 20    God:
Gold:   183        SH:  0    Dex: 12    Spells: 6 memorised, 2 levels left

rFire  . . .     SeeInvis .     E - +0 blowgun
rCold  . . .     Gourm    .     p - +0 robe
rNeg   . . .     Faith    .     (no shield)
rPois  .         Spirit   .     b - +0 hat
rElec  .         Dismiss  .     k - +0 cloak
rCorr  .         Reflect  .     (no gloves)
SustAt .         Harm     .     (no boots)
MR     .....                    (no amulet)
Stlth  ++........               y - +5 ring of strength
                                f - +5 ring of protection

@: not resistant to hostile enchantments, unstealthy
A: no striking features
a: no special abilities


You were on level 4 of the Dungeon.
You were hungry.

You visited 1 branch of the dungeon, and saw 4 of its levels.

You collected 183 gold pieces.

Inventory:

Hand Weapons
 e - a +0 hand axe
 i - a +0 hunting sling
 j - a +1 vampiric spear
 E - a +0 blowgun (weapon)
 F - a +0 whip
 I - a +0 spear
 J - a +2 long sword of slicing
 K - a +0 flail of holy wrath
Missiles
 l - 29 bolts
 m - 135 stones
 A - 28 arrows
 C - 12 poisoned needles (quivered)
Armour
 a - a +0 robe
 b - a +0 hat (worn)
 k - a +0 cloak (worn)
 p - a +0 robe (worn)
 O - the cursed +0 ring mail "Tisiuwem" {+Blink Str+7, unknown}
   (You found it on level 4 of the Dungeon)

   It affects your strength (+7).
   It lets you blink.
   It has a curse placed upon it.
Jewellery
 f - a +5 ring of protection (left hand)
 x - a +4 ring of protection
 y - a +5 ring of strength (right hand)
Wands
 u - a wand of random effects (20/48)
Scrolls
 n - a scroll of remove curse
 o - a scroll of fog {unknown}
 q - a scroll of blinking {unknown}
 t - a scroll of noise {unknown}
 v - a scroll of identify
 w - a scroll of magic mapping {unknown}
 G - a scroll of enchant armour {unknown}
 H - a scroll of teleportation {unknown}
 L - a scroll of fear {unknown}
Potions
 g - a potion of might
 r - a potion of curing
 s - a potion of heal wounds {unknown}
 z - a potion of magic {unknown}
 D - a potion of haste {unknown}
 M - a potion of cure mutation {unknown}
Books
 c - a book of Minor Magic

   Spells                             Type                      Level
   a - Magic Dart                     Conjuration                  1
   b - Blink                          Translocation                2
   c - Call Imp                       Summoning                    2
   d - Repel Missiles                 Charms/Air                   2
   e - Slow                           Hexes                        2
   f - Conjure Flame                  Conjuration/Fire             3
   g - Mephitic Cloud                 Conjuration/Poison/Air       3
Comestibles
 d - 2 bread rations
 h - a meat ration
 B - a royal jelly
 N - a chunk of flesh


   Skills:
 + Level 1.0 Fighting
 + Level 0.2 Long Blades
 + Level 0.8 Throwing
 + Level 3.0 Dodging
 + Level 2.3 Stealth
 + Level 4.8 Spellcasting
 + Level 1.9 Conjurations
 + Level 1.6 Summonings
 + Level 1.3 Translocations
 + Level 0.2 Air Magic


You had 2 spell levels left.
You knew the following spells:

 Your Spells              Type           Power        Failure   Level  Hunger
a - Magic Dart            Conj           ##..         6%          1    None
b - Call Imp              Summ           ##......     12%         2    #......
c - Repel Missiles        Chrm/Air       #.....       21%         2    #......
d - Blink                 Tloc           N/A          12%         2    #......
e - Slow                  Hex            #.......     21%         2    #......
f - Mephitic Cloud        Conj/Pois/Air  #.......     30%         3    ##.....


Dungeon Overview and Level Annotations

Branches:
Dungeon (4/15)
 Temple: D:4-7

Altars:
Ashenzari
Gozag


Message History

Your white imp gestures at the steam dragon.
The puff of frost hits the steam dragon.
Really walk into that cloud of steam? [Y]es or [N]o only, please.
Really walk into that cloud of steam? [Y]es or [N]o only, please.
Really walk into that cloud of steam? [Y]es or [N]o only, please.
Really walk into that cloud of steam?
Okay, then.
Drink which item? (? for menu, Esc to quit)
You feel better. The steam dragon breathes steam at you.
The ball of steam hits you!
* * * LOW HITPOINT WARNING * * *
Drink which item? (? for menu, Esc to quit)
You feel better. The steam dragon breathes steam at you.
The ball of steam hits you!
You die...

#.#.###.#.................
#.#.....#.########........#
#.#######.# #.....##..#
#.........# #.....##..#
.....############.....##..#
####.# #.............##..# #
#.# #.######......##..# # #.#
#.#....#.#.#####..# # #.#
#.#.....@§D#......# # #.#
#.####.#..§§.####.# # #.#
#.......§....# #.#
####.#########.####..####.###
##...........<.# #.........#
##############.# #.#####.#.#
..........# #.# #.#.D§..#.#
#########.# #.# #.#(#####.#
.......##.# #.. ..#.# #.#


You could see a steam dragon.

Vanquished Creatures
  An orc priest (D:4)
  5 adders
  A shadow imp (D:3)
  An ooze (D:1)
  A worm (D:2)
  3 giant geckos
  2 orcs
  3 giant cockroaches
  3 goblins
  11 hobgoblins
  5 kobolds
  A quokka (D:2)
  2 ball pythons
  6 bats
  3 giant newts
  12 rats
60 creatures vanquished.

Vanquished Creatures (collateral kills)
  A hound (D:4)
  An iguana (D:4)
  Ijyb (D:3)
  Natasha (D:3)
  An adder (D:2)
  An ooze (D:4)
  A worm (D:2)
  2 orcs (D:4)
  2 bats
  A goblin (D:2)
  A kobold (D:3)
  A rat (D:2)
14 creatures vanquished.

Vanquished Creatures (others)
  An adder (D:2)
1 creature vanquished.

Grand Total: 75 creatures vanquished

Notes
Turn   | Place    | Note
--------------------------------------------------------------
     0 | D:1      | Mefis the Human Wizard began the quest for the Orb.
     0 | D:1      | Reached XP level 1. HP: 13/13 MP: 4/4
    72 | D:1      | Reached XP level 2. HP: 4/19 MP: 1/6
   926 | D:1      | Learned a level 2 spell: Call Imp
   929 | D:1      | Learned a level 2 spell: Repel Missiles
   932 | D:1      | Learned a level 2 spell: Blink
  1010 | D:1      | Reached XP level 3. HP: 24/24 MP: 4/8
  1802 | D:2      | Reached skill level 4 in Spellcasting
  1802 | D:2      | Reached XP level 4. HP: 30/30 MP: 0/10
  1849 | D:2      | Found an opulent altar of Gozag.
  2345 | D:2      | Found a shattered altar of Ashenzari.
  2850 | D:3      | Reached XP level 5. HP: 36/36 MP: 6/11
  3107 | D:3      | Learned a level 2 spell: Slow
  3111 | D:3      | Learned a level 3 spell: Mephitic Cloud
  3200 | D:3      | Noticed Ijyb
  3213 | D:3      | Killed Ijyb
  3213 | D:3      | Reached skill level 1 in Fighting
  3591 | D:3      | Noticed Natasha
  3601 | D:3      | Killed Natasha
  4148 | D:4      | Reached XP level 6. HP: 33/43 MP: 3/12
  4517 | D:4      | Got a bloodstained ring mail
  4552 | D:4      | Noticed a steam dragon
  4624 | D:4      | Killed from afar by a steam dragon

Vault maps used:
D:1:      grunt_arrival_crossed_arrows, minmay_surrounded
D:2:      lemuel_coloured_pillars_altar, first_bread, nicolae_gozag_seed_capital
D:3:      uniq_natasha, uniq_iyjb
D:4:      uniq_menkaure

Skill      XL: |  1  2  3  4  5  6 |
---------------+-------------------+-----
Spellcasting   | 4 |  4.8
Fighting       | 1 |  1.0
Dodging        | 3 |  3.0
Long Blades    | |  0.2
Throwing       | |  0.8
Stealth        | |  2.3
Conjurations   | |  1.9
Summonings     | |  1.6
Translocations | |  1.3
Air Magic      | |  0.2

Action                   |  1- 3 |  4- 6 || total
-------------------------+-------+-------++-------
Melee: Hand axe          |    30 |    76 ||   106
       Long sword        |       |     3 ||     3
       Flail             |       |     8 ||     8
 Fire: Blowgun           |       |     7 ||     7
Throw: Stone             |       |    14 ||    14
 Cast: Magic Dart        |    62 |    99 ||   161
       Call Imp          |     5 |    21 ||    26
       Blink             |     2 |       ||     2
       Slow              |       |     1 ||     1
       Repel Missiles    |       |     1 ||     1
       Mephitic Cloud    |       |     2 ||     2
  Use: Scroll            |     3 |     2 ||     5
       Potion            |     2 |     6 ||     8
  Eat: Chunk             |     3 |     4 ||     7
       Bread ration      |       |     1 ||     1
Armor: Robe              |    22 |    39 ||    61
Dodge: Dodged            |    40 |    97 ||   137
       Deflected         |       |     1 ||     1
